 Dungeon Crawl Stone Soup version 0.23.2 (webtiles) character file.

Game seed: 10927179713556048895

2383 lanster the Covered (level 9, -6/69 HPs)
             Began as a Human Monk on Apr 5, 2019.
             Was a Believer of Okawaru.
             Mangled by an eight-headed hydra (12 damage)
             ... on level 8 of the Dungeon.
             The game lasted 01:08:02 (10270 turns).

lanster the Covered (Human Monk)                   Turns: 10270, Time: 01:08:04

Health: -6/69      AC: 13    Str: 15    XL:     9   Next: 73%
Magic:  10/10      EV:  4    Int: 10    God:    Okawaru [**....]
Gold:   573        SH:  7    Dex: 16    Spells: 8/8 levels left

rFire    . . .     SeeInvis .   x - +0 whip (elec)
rCold    . . .     Gourm    .   a - +0 shield
rNeg     . . .     Faith    .   z - +0 plate armour
rPois    +         Spirit   .   (helmet restricted)
rElec    .         Reflect  .   m - scarf {repulsion}
rCorr    .         Harm     .   (no gloves)
MR       .....                  (no boots)
Stlth    ..........             (no amulet)
HPRegen  0.21/turn              r - ring of poison resistance
MPRegen  0.12/turn              l - +1 ring of evasion

@: repel missiles
A: horns 1, high mp 1, screaming 1
a: Heroism, Renounce Religion


You were on level 8 of the Dungeon.
You worshipped Okawaru.
Okawaru was pleased with you.
You were not hungry.

You visited 2 branches of the dungeon, and saw 9 of its levels.
You also visited: Sewer.

You collected 573 gold pieces.

Inventory:

Hand Weapons
 i - a +2 hunting sling of freezing
 x - a +0 whip of electrocution (weapon)
 A - a +4 war axe of chopping
Armour
 a - a +0 shield (worn)
 b - a +2 robe of cold resistance
 m - a scarf of repulsion (worn)
 v - a +0 helmet
 z - a +0 plate armour (worn)
Jewellery
 l - a +1 ring of evasion (right hand)
 r - a ring of poison resistance (left hand)
Wands
 g - a wand of polymorph (8)
 h - a wand of paralysis (17)
 j - a wand of flame (25)
 y - a wand of clouds (3)
Scrolls
 e - a scroll of noise
 k - 2 scrolls of teleportation
 o - 3 scrolls of amnesia
 q - 2 scrolls of enchant armour
 s - a scroll of fog
 u - 3 scrolls of remove curse
 B - a scroll of identify
Potions
 n - 2 potions of flight
 w - a potion of agility
Comestibles
 c - 5 rations


   Skills:
 + Level 5.8 Fighting
 + Level 4.7(6.5) Axes
 + Level 6.9(7.6) Maces & Flails
 + Level 7.0 Armour
 + Level 4.1 Dodging
 + Level 2.7 Stealth
 + Level 0.1 Shields
 + Level 0.1 Invocations
 + Level 0.9 Evocations


You had 8 spell levels left.
You didn't know any spells.
Your spell library contained the following spells:

 Spells                   Type           Power        Failure   Level  Hunger
 Corona                   Hex            #......      100%        1    ##.....
 Magic Dart               Conj           #...         100%        1    ##.....
 Searing Ray              Conj           #.....       100%        2    ###....
 Slow                     Hex            #.......     100%        2    ###....
 Dazzling Spray           Conj/Hex       #.....       100%        3    ####...
 Inner Flame              Hex/Fire       #.......     100%        3    ####...
 Portal Projectile        Hex/Tloc       #.....       100%        3    ####...
 Cause Fear               Hex            #.........   100%        4    #####..
 Force Lance              Conj/Tloc      #.......     100%        4    #####..
 Fulminant Prism          Conj/Hex       #.........   100%        4    #####..
 Iskenderun's Mystic Bla  Conj           #.......     100%        4    #####..
 Leda's Liquefaction      Hex/Erth       #.........   100%        4    #####..


Dungeon Overview and Level Annotations

Branches:
Dungeon (8/15)             Temple (1/1) D:7
   Lair: D:8-11

Altars:
Ashenzari
Cheibriados
Dithmenos
Elyvilon
Fedhas
Gozag
Hepliaklqana
Kikubaaqudgha
Makhleb
Nemelex Xobeh
Okawaru
Qazlal
Ru
Sif Muna
Trog
Uskayaw
Vehumet
Wu Jian
Xom
Yredelemnul
Zin
The Shining One
Beogh

Annotations:
D:6 PikkenKukken's ghost, novice TrEE


Innate Abilities, Weirdness & Mutations

You have a pair of small horns on your head.
You have an increased reservoir of magic. (+10% MP)
You occasionally shout uncontrollably at your foes.


Message History

The crimson imp blinks!
The crimson imp blinks!
Found 18 stones.
You feel like a meek peon again.
The shadow imp disappears for a moment.
The shadow imp grinds its teeth.
The shadow imp lashes its tail.
An orc comes into view.
An orc priest comes into view.
The orc priest shouts!
You hear a shout!
An orc and an orc wizard come into view.
The orc shouts!
The orc wizard shouts!
The orc barely misses you.
There is a stone staircase leading down here.
You block the eight-headed hydra's attack.
The eight-headed hydra closely misses you.
The eight-headed hydra bites you!
* * * LOW HITPOINT WARNING * * *
The eight-headed hydra bites you but does no damage.
The eight-headed hydra bites you!
You die...

#...........#................ .#
#.....#............)).......###..
.....###...........).......#.#...
....#####...........).....##....#
....###............(.............
.....#.....o.....................
............o..............#....#
....##.........o...............##
...###.........o@DT5.......#...#.
..###......................##....
### #......................####..
.###.......................# #..
........ ...........<.......[....
.#...... ..#######......####.....
####.......####..#...##.####.....
##.#.......##.'..#..##..#.#......
.#........(####.##>.##....#......


You could see an eight-headed hydra, a troll, an orc priest, an orc wizard, a
shadow imp and 2 orcs.

Vanquished Creatures
  Pikel (D:7)
  Sigmund (D:5)
  Duvessa (D:5)
  An orc warrior (D:8)
  Purgy (Sewer)
  A sky beast (D:7)
  2 phantoms
  A big kobold (D:8)
  Dowan (D:5)
  A scorpion (D:7)
  6 killer bees (D:6)
  A howler monkey (D:4)
  A bullfrog zombie (D:6)
  An iron imp (D:6)
  5 hounds
  3 orc priests
  5 orc wizards (D:4)
  5 worker ants
  A hound skeleton (D:4)
  8 adders
  3 gnolls (D:2)
  A shadow imp (D:3)
  An adder zombie (D:7)
  3 worms
  2 dart slugs (D:1)
  4 leopard geckos
  12 orcs
  2 ball pythons
  4 giant cockroaches
  9 goblins
  2 hobgoblins
  9 jackals
  17 kobolds
  A quokka (D:4)
  4 bats
  3 frilled lizards
  A quokka skeleton (D:4)
  5 rats
  A plant (D:1)
131 creatures vanquished.

Notes
Turn   | Place    | Note
-------+----------+-------------------------------------------
     0 | D:1      | lanster the Human Monk began the quest for the Orb.
     0 | D:1      | Reached XP level 1. HP: 18/18 MP: 1/1
   100 | D:1      | Reached XP level 2. HP: 14/24 MP: 2/2
  1089 | D:1      | Reached XP level 3. HP: 29/29 MP: 3/3
  2085 | D:2      | Reached XP level 4. HP: 20/35 MP: 4/4
  2508 | D:2      | Found an ornate altar of the Wu Jian Council.
  2509 | D:2      | Found a shadowy altar of Dithmenos.
  2510 | D:2      | Found a blossoming altar of Fedhas.
  2510 | D:2      | Found a basalt altar of Yredelemnul.
  2512 | D:2      | Found a burning altar of Makhleb.
  2512 | D:2      | Found an ancient bone altar of Kikubaaqudgha.
  2553 | D:2      | Reached skill level 1 in Armour
  3436 | D:3      | Reached XP level 5. HP: 38/41 MP: 5/5
  4086 | D:4      | Reached skill level 2 in Armour
  4123 | D:4      | Reached XP level 6. HP: 39/48 MP: 6/6
  4209 | D:4      | Reached skill level 3 in Armour
  4555 | D:4      | Reached skill level 5 in Maces & Flails
  4555 | D:4      | Reached XP level 7. HP: 30/53 MP: 7/7
  4828 | D:4      | Reached skill level 4 in Armour
  5515 | D:5      | Entered Level 5 of the Dungeon
  5596 | D:5      | Noticed Dowan
  5599 | D:5      | Noticed Duvessa
  5810 | D:5      | Found a glowing drain.
  5834 | Sewer    | Entered a sewer
  5976 | Sewer    | Noticed Purgy
  5996 | Sewer    | Killed Purgy
  6250 | D:5      | Gained mutation: Your flesh is cold resistant. (rC+)
                  | [potion of mutation]
  6250 | D:5      | Gained mutation: You have a pair of small horns on your
                  | head. [potion of mutation]
  6641 | D:5      | Killed Dowan
  6641 | D:5      | Reached XP level 8. HP: 61/61 MP: 8/8
  6757 | D:5      | Killed Duvessa
  6949 | D:5      | Lost mutation: You have a pair of small horns on your head.
                  | [potion of mutation]
  6949 | D:5      | Lost mutation: Your flesh is cold resistant. (rC+) [potion
                  | of mutation]
  6949 | D:5      | Gained mutation: You have an increased reservoir of magic.
                  | (+10% MP) [potion of mutation]
  6949 | D:5      | Gained mutation: You occasionally shout uncontrollably at
                  | your foes. [potion of mutation]
  6949 | D:5      | Gained mutation: You have a pair of small horns on your
                  | head. [potion of mutation]
  7080 | D:5      | Noticed Sigmund
  7106 | D:5      | Killed Sigmund
  7106 | D:5      | Reached skill level 5 in Armour
  7731 | D:6      | Found a runed translucent gate.
  7733 | D:6      | Found a runed translucent gate.
  7734 | D:6      | Found a runed translucent gate.
  7734 | D:6      | Noticed PikkenKukken's ghost (novice TrEE)
  7735 | D:6      | Identified the +10 plate armour of Compression {*Drain +Fly
                  | rN+++ Int-4}
  7739 | D:6      | Found a roughly hewn altar of Beogh.
  8070 | D:6      | Reached skill level 5 in Fighting
  8090 | D:6      | Reached skill level 1 in Axes
  8098 | D:6      | Reached XP level 9. HP: 31/68 MP: 10/10
  8509 | D:7      | Found a staircase to the Ecumenical Temple.
  8530 | Temple   | Entered the Ecumenical Temple
  8767 | Temple   | Became a worshipper of Warmaster Okawaru
  8767 | Temple   | Reached * piety under Okawaru
  8767 | Temple   | Reached ** piety under Okawaru
  8885 | D:7      | Reached skill level 6 in Armour
  9197 | D:7      | Noticed Pikel
  9216 | D:7      | Killed Pikel
  9995 | D:8      | Reached *** piety under Okawaru
  9995 | D:8      | Reached skill level 7 in Armour
 10223 | D:8      | Noticed a troll
 10223 | D:8      | Noticed an eight-headed hydra
 10270 | D:8      | Mangled by an eight-headed hydra

Skill      XL: |  1  2  3  4  5  6  7  8  9 |
---------------+----------------------------+-----
Armour         | 1 2 3 4 5 7 |  7.0
Maces & Flails | 4 5 6 |  6.9
Fighting       | 4 5 |  5.8
Dodging        | 4 |  4.1
Axes           | 1 4 |  4.7
Stealth        | |  2.7
Shields        | |  0.1
Invocations    | |  0.1
Evocations     | |  0.9

Action                   |  1- 3 |  4- 6 |  7- 9 || total
-------------------------+-------+-------+-------++-------
Melee: Mace              |    65 |       |       ||    65
       Whip              |   164 |   213 |   373 ||   750
       Headbutt          |       |       |    53 ||    53
       War axe           |       |       |    93 ||    93
Invok: Heroism           |       |       |     2 ||     2
Evoke: Wand              |       |     1 |    13 ||    14
  Use: Scroll            |     9 |     5 |    16 ||    30
       Potion            |     3 |     2 |    12 ||    17
 Stab: Sleeping          |     2 |       |       ||     2
  Eat: Chunk             |     2 |       |     1 ||     3
       Ration            |     1 |     2 |     5 ||     8
Armor: Robe              |     8 |       |       ||     8
       Chain mail        |    91 |   105 |   198 ||   394
       Plate armour      |       |       |   111 ||   111
Dodge: Dodged            |    91 |    53 |   210 ||   354
       Deflected         |       |     3 |     4 ||     7
Block: Shield            |       |       |    18 ||    18
